 Dungeon Crawl Stone Soup version 0.19.1-1-g22dce08 (webtiles) character file.

10206 dngmouse the Fighter (level 11, -7/108 HPs)
             Began as a Minotaur Fighter on Jan 20, 2017.
             Was an Elder of Okawaru.
             Hit by a large rock thrown by a cyclops (32 damage)
             ... on level 11 of the Dungeon.
             The game lasted 00:56:06 (11675 turns).

dngmouse the Fighter (Minotaur Fighter)            Turns: 11675, Time: 00:56:07

Health: -7/108     AC: 16    Str: 21    XL:     11   Next: 33%
Magic:  9/14       EV:  8    Int:  5    God:    Okawaru [****..]
Gold:   589        SH: 11    Dex: 13    Spells: 0 memorised, 10 levels left

rFire  . . .     SeeInvis +     a - +3 war axe
rCold  . . .     Gourm    .     I - +0 plate armour
rNeg   . . .     Faith    .     c - +0 shield
rPois  +         Spirit   .     (helmet restricted)
rElec  .         Reflect  .     (no cloak)
rCorr  .         Harm     .     (no gloves)
MR     .....                    (no boots)
Stlth  ..........               (no amulet)
                                M - ring of see invisible
                                Q - ring of poison resistance

@: heroism, finesse
A: retaliatory headbutt, horns 2
a: Heroism, Renounce Religion


You were on level 11 of the Dungeon.
You worshipped Okawaru.
Okawaru was greatly pleased with you.
You were near starving.

You visited 2 branches of the dungeon, and saw 12 of its levels.

You collected 589 gold pieces.

Inventory:

Hand Weapons
 a - a +3 war axe (weapon)
Armour
 c - a +0 shield (worn)
 I - a +0 plate armour (worn)
Rods
 G - a +0 rod of ignition (14/14)
   (You found it on level 7 of the Dungeon)
Jewellery
 L - an uncursed ring of stealth
 M - a ring of see invisible (right hand)
 Q - a ring of poison resistance (left hand)
Wands
 b - a wand of paralysis (15/24)
 p - a wand of random effects (18/48)
 t - a wand of iceblast (12/15)
 B - a wand of teleportation (5/9)
 J - a wand of teleportation (4/9)
 K - a wand of iceblast (4/15)
Scrolls
 e - 6 scrolls of teleportation
 j - 5 scrolls of identify
 l - 4 scrolls of remove curse
 m - 2 scrolls of enchant armour {unknown}
 n - 3 scrolls of enchant weapon {unknown}
 q - 3 scrolls of fog {unknown}
 r - 3 scrolls of random uselessness {unknown}
 s - 2 scrolls of magic mapping {unknown}
 v - a scroll of vulnerability {unknown}
Potions
 d - 2 potions of might
 g - a potion of cure mutation
 k - 3 potions of lignification
 o - 2 potions of heal wounds
 w - a potion of haste
 A - a potion of ambrosia
 C - a potion of berserk rage
 E - 2 potions of cancellation
 H - 3 potions of curing
 N - a potion of flight
 P - 2 potions of agility
Books
 y - a book of Minor Magic

   Spells                             Type                      Level
   a - Magic Dart                     Conjuration                  1
   b - Blink                          Translocation                2
   c - Call Imp                       Summoning                    2
   d - Repel Missiles                 Charms/Air                   2
   e - Slow                           Hexes                        2
   f - Conjure Flame                  Conjuration/Fire             3
   g - Mephitic Cloud                 Conjuration/Poison/Air       3
 F - a book of Necromancy

   Spells                             Type                      Level
   a - Pain                           Necromancy                   1
   b - Animate Skeleton               Necromancy                   1
   c - Vampiric Draining              Necromancy                   3
   d - Regeneration                   Charms/Necromancy            3
   e - Animate Dead                   Necromancy                   4
   f - Control Undead                 Necromancy                   4
Comestibles
 f - 11 bread rations
 u - 7 fruits
 x - 4 meat rations
 z - a beef jerky
 D - 2 slices of pizza


   Skills:
 + Level 13.6(18.6) Fighting
 - Level 12.1(17.1) Axes
 + Level 8.9(13.9) Armour
 - Level 3.6(8.6) Shields
 + Level 5.9 Invocations
 - Level 2.0 Evocations


You had 10 spell levels left.
You didn't know any spells.

Dungeon Overview and Level Annotations

Branches:
Dungeon (11/15)            Temple (1/1) D:7            Lair (0/6) D:10
    Orc: D:9-12

Altars:
Ashenzari
Cheibriados
Dithmenos
Elyvilon
Fedhas
Gozag
Hepliaklqana
Kikubaaqudgha
Makhleb
Nemelex Xobeh
Okawaru
Qazlal
Ru
Sif Muna
Trog
Uskayaw
Vehumet
Xom
Yredelemnul
Zin
The Shining One


Innate Abilities, Weirdness & Mutations

You reflexively headbutt those who attack you in melee.
You have a pair of horns on your head.


Message History

You are too injured to fight recklessly!
Okay, then.
You can now deal lightning-fast blows.
You can no longer speed up your combat.
You block the yak's attack.
You are too injured to fight recklessly!
You are too injured to fight recklessly!
Your shield and plate armour prevent you from hitting the yak.
You headbutt the yak!
The yak is heavily wounded.
You hit the yak but do no damage. You headbutt the yak.
The yak is severely wounded.
The yak gores you.
* * * LOW HITPOINT WARNING * * *
Your plate armour prevents you from hitting the yak.
You headbutt the yak!
You kill the yak!
Okawaru accepts your kill.
The cyclops throws a large rock.
The large rock hits you!!
You die...

... #.. #
.. .# #.##
T#
..##.##..
#........
#.#.#
####o..# #
#.@)C..# #
#.####.# #
#.# .# #
#.### ..
#####
##...## ##
....#
##.....##
###.#
##.......##
# #.####
#.........#
# #....#
#.........#


You could see a cyclops and an orc.

Vanquished Creatures
  The ghost of Squonk the Thaumaturge, a novice DEFE of Sif Muna (D:10)
  A hill giant (D:10)
  Pikel (D:9)
  Joseph (D:9)
  Maurice (D:8)
  A gargoyle (D:10)
  2 trolls
  2 hornets
  A merfolk (D:10)
  A two-headed ogre (D:8)
  2 hippogriffs
  Sigmund (D:4)
  2 wyverns
  A yak (D:11)
  2 hungry ghosts
  Menkaure (D:7)
  3 sky beasts (D:10)
  2 black bears
  4 ice beasts
  A slave (D:9)
  6 orc warriors
  2 phantoms
  A necrophage (D:10)
  4 centaurs
  10 ogres
  4 bullfrogs
  A gnoll sergeant (D:9)
  5 scorpions
  A water moccasin skeleton (D:7)
  A wyvern skeleton (D:10)
  A killer bee (D:11)
  4 wights (D:10)
  5 crimson imps
  A bullfrog zombie (D:8)
  A quasit (D:8)
  6 hounds
  A jelly (D:11)
  5 orc priests
  Jessica (D:2)
  2 centaur skeletons
  3 iguanas
  Natasha (thrice) (D:4)
  13 orc wizards
  6 worker ants
  2 hound skeletons
  A howler monkey skeleton (D:6)
  A worker ant zombie (D:5)
  4 gnolls (D:9)
  6 adders
  3 shadow imps
  An ooze (D:4)
  A dart slug (D:2)
  3 worms
  4 leopard geckos
  34 orcs
  2 ball pythons
  10 bats
  7 giant cockroaches
  5 goblins
  9 hobgoblins
  5 jackals
  3 quokkas
  2 frilled lizards
  5 kobolds
  2 leopard gecko skeletons
  A leopard gecko zombie (D:6)
  2 quokka skeletons
  2 quokka zombies
  8 rats
241 creatures vanquished.

Vanquished Creatures (others)
  2 slaves (D:9)
  A centaur (D:9)
  A hound (D:9)
4 creatures vanquished.

Grand Total: 245 creatures vanquished

Notes
Turn   | Place    | Note
-------+----------+-------------------------------------------
     0 | D:1      | dngmouse the Minotaur Fighter began the quest for the Orb.
     0 | D:1      | Reached XP level 1. HP: 19/19 MP: 0/0
   167 | D:1      | Reached XP level 2. HP: 27/27 MP: 1/1
   298 | D:1      | Reached skill level 4 in Fighting
   604 | D:2      | Reached XP level 3. HP: 31/33 MP: 2/2
   649 | D:2      | Noticed Jessica
   653 | D:2      | Killed Jessica
   821 | D:2      | Reached XP level 4. HP: 30/40 MP: 3/3
   884 | D:2      | Reached skill level 5 in Axes
  1317 | D:3      | Reached XP level 5. HP: 36/46 MP: 4/4
  1457 | D:3      | Noticed an ogre
  1468 | D:3      | Killed an ogre
  1470 | D:3      | Reached XP level 6. HP: 52/52 MP: 5/5
  1855 | D:3      | Found a sparkling altar of Nemelex Xobeh.
  1856 | D:3      | Found a hide-covered altar of Uskayaw.
  2580 | D:4      | Reached XP level 7. HP: 59/59 MP: 6/6
  2799 | D:4      | Found a sacrificial altar of Ru.
  2878 | D:4      | Noticed Sigmund
  2899 | D:4      | Killed Sigmund
  2899 | D:4      | Reached skill level 10 in Axes
  3114 | D:4      | Noticed Natasha
  3123 | D:4      | Killed Natasha
  3182 | D:4      | Noticed Natasha
  3190 | D:4      | Killed Natasha
  3430 | D:4      | Noticed Natasha
  3433 | D:4      | Killed Natasha
  3512 | D:5      | Entered Level 5 of the Dungeon
  3515 | D:5      | Reached XP level 8. HP: 66/66 MP: 7/7
  4433 | D:5      | Reached skill level 5 in Fighting
  4913 | D:6      | Reached skill level 6 in Fighting
  5013 | D:6      | Reached skill level 7 in Fighting
  5493 | D:6      | Reached XP level 9. HP: 75/81 MP: 8/8
  5528 | D:6      | Reached skill level 8 in Fighting
  5722 | D:6      | HP: 4/82 [ogre/giant spiked club (25)]
  5930 | D:7      | Reached skill level 9 in Fighting
  6231 | D:7      | Identified a +0 rod of ignition (14/14) (You found it on level 7 of the Dungeon)
  6260 | D:7      | Noticed Menkaure
  6272 | D:7      | Killed Menkaure
  6272 | D:7      | Reached skill level 10 in Fighting
  6553 | D:7      | Found a staircase to the Ecumenical Temple.
  6567 | Temple   | Entered the Ecumenical Temple
  6737 | Temple   | Became a worshipper of Warmaster Okawaru
  7271 | D:8      | Reached skill level 11 in Fighting
  7412 | D:8      | Noticed Maurice
  7417 | D:8      | Paralysed by Maurice for 6 turns
  7424 | D:8      | Reached skill level 1 in Evocations
  7429 | D:8      | Killed Maurice
  7429 | D:8      | Reached * piety under Okawaru
  7690 | D:8      | Reached XP level 10. HP: 97/97 MP: 10/10
  7766 | D:8      | Reached skill level 5 in Armour
  7788 | D:8      | Reached skill level 1 in Invocations
  8115 | D:9      | Noticed Pikel
  8127 | D:9      | Reached skill level 12 in Fighting
  8142 | D:9      | Killed Pikel
  8142 | D:9      | Reached ** piety under Okawaru
  8347 | D:9      | Got a jewelled helmet
  8606 | D:9      | Found a shimmering altar of Xom.
  8608 | D:9      | Found a basalt altar of Yredelemnul.
  8639 | D:9      | Found a deep blue altar of Sif Muna.
  8689 | D:9      | Noticed Joseph
  8705 | D:9      | Killed Joseph
  9124 | D:9      | Reached *** piety under Okawaru
  9182 | D:9      | Paralysed by a hornet for 1 turns
  9186 | D:9      | Paralysed by a hornet for 1 turns
  9400 | D:10     | Entered Level 10 of the Dungeon
  9784 | D:10     | Noticed Squonk's ghost (novice DEFE)
  9794 | D:10     | Killed Squonk's ghost
  9794 | D:10     | Reached skill level 13 in Fighting
  9819 | D:10     | Reached **** piety under Okawaru
 10035 | D:10     | Found a staircase to the Lair.
 10067 | D:10     | Reached XP level 11. HP: 103/107 MP: 13/13
 10505 | D:10     | Reached skill level 5 in Invocations
 11190 | D:10     | Noticed a hill giant
 11198 | D:10     | Killed a hill giant
 11198 | D:10     | Reached ***** piety under Okawaru
 11441 | D:11     | Paralysed by a hornet for 3 turns
 11675 | D:11     | Hit by a large rock thrown by a cyclops

Skill      XL: |  1  2  3  4  5  6  7  8  9 10 11 |
---------------+----------------------------------+-----
Axes           | 3 4 6 7 9 11 12 | 12.1
Fighting       | 4 7 11 13 | 13.6
Armour         | 4 7 8 |  8.9
Evocations     | 2 |  2.0
Invocations    | 4 5 |  5.9
Shields        | |  3.6

Action                   |  1- 3 |  4- 6 |  7- 9 | 10-12 || total
-------------------------+-------+-------+-------+-------++-------
Melee: War axe           |    65 |   111 |   294 |   321 ||   791
       Headbutt          |     9 |    20 |    57 |    72 ||   158
Invok: Heroism           |       |       |       |     4 ||     4
       Finesse           |       |       |       |     1 ||     1
Evoke: Rod               |       |       |       |     2 ||     2
  Use: Potion            |       |     2 |    13 |     2 ||    17
       Scroll            |       |       |       |     5 ||     5
 Stab: Invisible         |       |       |     1 |       ||     1
  Eat: Chunk             |       |     5 |    19 |    14 ||    38
       Fruit             |       |       |       |     1 ||     1
Armor: Scale mail        |    26 |    39 |    40 |       ||   105
       Plate armour      |       |       |    65 |   116 ||   181
       Skin              |       |       |     2 |       ||     2
Dodge: Dodged            |    25 |    28 |    47 |    46 ||   146
Block: Shield            |    33 |    45 |   100 |   108 ||   286
